 Dungeon Crawl Stone Soup version 0.20.1-1-g8b1a95d (webtiles) character file.

31 Jazqa the Skirmisher (level 3, 0/34 HPs)
             Began as a Minotaur Fighter on Oct 31, 2017.
             Slain by a frilled lizard (1 damage)
             ... on level 2 of the Dungeon.
             The game lasted 00:01:53 (536 turns).

Jazqa the Skirmisher (Minotaur Fighter)              Turns: 536, Time: 00:01:53

Health: 0/34       AC:  6    Str: 20    XL:     3   Next: 7%
Magic:  2/2        EV:  7    Int:  5    God:
Gold:   46         SH:  9    Dex: 10    Spells: 2/2 levels left

rFire    . . .     SeeInvis .   a - +0 flail
rCold    . . .     Gourm    .   c - +0 shield
rNeg     . . .     Faith    .   b - +0 scale mail
rPois    .         Spirit   .   (helmet restricted)
rElec    .         Reflect  .   (no cloak)
rCorr    .         Harm     .   (no gloves)
MR       .....                  (no boots)
Stlth    ..........             (no amulet)
Regen    0.2/turn               (no ring)
MPRegen  0.1/turn               (no ring)

@: no status effects
A: retaliatory headbutt, horns 2
a: no special abilities


You were on level 2 of the Dungeon.
You were not hungry.

You visited 1 branch of the dungeon, and saw 2 of its levels.

You collected 46 gold pieces.


Innate Abilities, Weirdness & Mutations

You reflexively headbutt those who attack you in melee.
You have a pair of horns on your head.


   Skills:
 + Level 4.4 Fighting
 + Level 3.4 Maces & Flails
 - Level 3.6 Armour
 - Level 3.6 Shields


You had 2 spell levels left.
You didn't know any spells.

Inventory:

Hand Weapons
 a - a +0 flail (weapon)
Armour
 b - a +0 scale mail (worn)
 c - a +0 shield (worn)
Scrolls
 e - a scroll of enchant armour {unknown}
 i - 2 scrolls of remove curse {unknown}
 j - a scroll of fog {unknown}
 k - a scroll of random uselessness {unknown}
Potions
 d - a potion of might
 m - a potion of curing {unknown}
Comestibles
 f - 2 bread rations {@e1}
 g - a meat ration {@e1}
 h - 3 chunks of flesh
 l - a royal jelly {@e3}

Dungeon Overview and Level Annotations

Branches:
Dungeon (2/15)

Altars:

Annotations:
D:2 Robin

#...# #...# ...
######...####...
#...........?..#
...............
#..............
#..)gg.$#
#..g@g..#
#..lK<..#
#.g.....#
#.....†.#
#.......#
#.##.##.# ...
#.# .# .... ...
.. .. ... .##


You could see Robin, a hobgoblin, 3 goblins, a kobold and a frilled lizard.


Message History

There are monsters nearby!
There are monsters nearby!
There are monsters nearby!
There are monsters nearby!
You hit the goblin but do no damage. The goblin hits you but does no damage.
Robin hits you from afar with a spear.
* * * LOW HITPOINT WARNING * * *
The goblin hits you with a dagger.
* * * LOW HITPOINT WARNING * * *
The goblin hits you but does no damage. The kobold hits you but does no damage.
The goblin barely misses you. You furiously retaliate!
You headbutt the goblin. You block the goblin's attack.
You block Robin's attack.
You sock the goblin!
You kill the goblin!
The goblin hits you with a dagger.
* * * LOW HITPOINT WARNING * * *
The goblin hits you but does no damage. The kobold completely misses you.
The hobgoblin hits you but does no damage.
The goblin closely misses you. Robin hits you from afar with a spear.
* * * LOW HITPOINT WARNING * * *
The goblin hits you but does no damage. x2
You hit the hobgoblin.
You kill the hobgoblin!
The frilled lizard closely misses you. You block the kobold's attack.
The hobgoblin closely misses you. The goblin barely misses you.
Robin hits you from afar with a spear.
* * * LOW HITPOINT WARNING * * *
The goblin barely misses you. The goblin hits you but does no damage.
The frilled lizard bites you.
You die...

Skill      XL: |  1  2 |
---------------+-------+-----
Maces & Flails | 3 |  3.4
Fighting       | 4 |  4.4
Armour         | |  3.6
Shields        | |  3.6

Action                   || total
-------------------------++-------
Melee: Flail             ||    59
       Headbutt          ||     4
Armor: Scale mail        ||    47
Dodge: Dodged            ||    32
Block: Shield            ||    45

Vault maps used:
D:1:      onia_arrival_mini_spirals, st_stairs_4
D:2:      overflow_temple_1_default, uniq_robin

Notes
Turn   | Place    | Note
-------+----------+-------------------------------------------
     0 | D:1      | Jazqa the Minotaur Fighter began the quest for the Orb.
     0 | D:1      | Reached XP level 1. HP: 19/19 MP: 0/0
   142 | D:1      | Reached XP level 2. HP: 23/27 MP: 1/1
   167 | D:1      | Reached skill level 3 in Maces & Flails
   345 | D:1      | Reached skill level 4 in Fighting
   522 | D:2      | Noticed Robin
   533 | D:2      | Reached XP level 3. HP: 18/34 MP: 2/2
   534 | D:2      | HP: 3/34 [goblin/dagger[Robin] (3)]
   536 | D:2      | HP: 1/34 [Robin/spear (1)]
   536 | D:2      | Slain by a frilled lizard

Vanquished Creatures
  A dart slug (D:1)
  2 bats (D:1)
  A giant cockroach (D:2)
  6 goblins
  6 hobgoblins
  A jackal (D:1)
  3 kobolds
  3 frilled lizards (D:1)
  3 rats (D:1)
26 creatures vanquished.
